 Dungeon Crawl Stone Soup version 0.22-a0-417-g1387785 (webtiles) character file.

483 grindst0ne the Covert (level 6, -2/28 HPs)
             Began as a Spriggan Enchanter on May 14, 2018.
             Was an Initiate of Dithmenos.
             Slain by Prince Ribbit (18 damage)
             ... on level 5 of the Dungeon.
             The game lasted 00:14:25 (5729 turns).

grindst0ne the Covert (Spriggan Enchanter)          Turns: 5729, Time: 00:14:26

Health: -2/28      AC:  2    Str:  6    XL:     6   Next: 87%
Magic:  3/11       EV: 18    Int: 16    God:    Dithmenos [......]
Gold:   227        SH:  0    Dex: 17    Spells: 4/10 levels left

rFire    . . .     SeeInvis +   a - +1 dagger
rCold    . . .     Gourm    .   (shield restricted)
rNeg     + . .     Faith    .   b - +0 robe
rPois    .         Spirit   .   (helmet restricted)
rElec    .         Reflect  .   (no cloak)
rCorr    .         Harm     .   (gloves unavailable)
MR       +....                  (boots unavailable)
Stlth    ++++......             (no amulet)
HPRegen  0.09/turn              k - ring of positive energy
MPRegen  0.12/turn              (no ring)

@: starving, very quick
A: very small, unfitting armour, see invisible, herbivore, speed 3, slow
metabolism 2
a: Renounce Religion


You were on level 5 of the Dungeon.
You worshipped Dithmenos.
Dithmenos was noncommittal.
You were starving.

You visited 2 branches of the dungeon, and saw 6 of its levels.

You collected 227 gold pieces.

Inventory:

Hand Weapons
 a - a +1 dagger (weapon)
Armour
 b - a +0 robe (worn)
 o - a +0 cloak
Jewellery
 k - a ring of positive energy (left hand)
Wands
 m - a wand of enslavement (17)
Scrolls
 c - 5 scrolls of identify
 f - a scroll of magic mapping
 g - a scroll of enchant weapon {unknown}
 i - a scroll of blinking {unknown}
 j - 2 scrolls of remove curse {unknown}
 p - a scroll of teleportation {unknown}
Potions
 e - a potion of flight
 h - 2 potions of cancellation {unknown}
 l - a potion of might {unknown}
 n - a potion of berserk rage {unknown}
Comestibles
 d - 4 rations


   Skills:
 - Level 1.1 Short Blades
 - Level 3.0 Dodging
 + Level 9.3 Stealth
 - Level 2.6 Spellcasting
 - Level 7.0 Hexes


You had 4 spell levels left.
You knew the following spells:

 Your Spells              Type           Power        Failure   Level  Hunger
a - Corona                Hex            ###....      1%          1    #......
b - Ensorcelled Hibernat  Hex/Ice        ##....       7%          2    ##.....
c - Confuse               Hex            ###.....     3%          3    ###....

Your spell library contained the following spells:

 Spells                   Type           Power        Failure   Level  Hunger
 Tukima's Dance           Hex            ###.....     3%          3    ###....
 Dazzling Spray           Conj/Hex       ##....       14%         3    ###....


Dungeon Overview and Level Annotations

Branches:
Dungeon (5/15)             Temple (1/1) D:5

Altars:
Cheibriados
Dithmenos
Elyvilon
Hepliaklqana
Makhleb
Nemelex Xobeh
Qazlal
Wu Jian
Yredelemnul
Zin
The Shining One

Annotations:
D:4 Grinder
D:5 Prince Ribbit


Innate Abilities, Weirdness & Mutations

You are very small and have problems with some larger weapons.
You are too small for most types of armour.
You have supernaturally acute eyesight. (SInv)
You are a herbivore.
You cover ground extremely quickly.
You need to consume almost no food.


Message History

Prince Ribbit easily resists.
Prince Ribbit hits you.
Casting: Ensorcelled Hibernation (safe; 7% risk of failure)
Confirm with . or Enter, or press ? or * to list all spells.
Aiming: Ensorcelled Hibernation (safe; 7% risk of failure)
Press: ? - help, Shift-Dir - straight line, f/p - Prince Ribbit
Aim: Prince Ribbit (chance to defeat MR: 27%) Prince Ribbit easily resists.
Prince Ribbit hits you. Prince Ribbit misses you.
Casting: Ensorcelled Hibernation (safe; 7% risk of failure)
Confirm with . or Enter, or press ? or * to list all spells.
Aiming: Ensorcelled Hibernation (safe; 7% risk of failure)
Press: ? - help, Shift-Dir - straight line, f/p - Prince Ribbit
Aim: Prince Ribbit (chance to defeat MR: 27%) Prince Ribbit easily resists.
You are starving!
Prince Ribbit hits you but does no damage.
You don't have the energy to cast that spell.
You hit Prince Ribbit but do no damage. Prince Ribbit hits you.
Prince Ribbit hits you!!
Ouch! That really hurt!
You die...

.###......# ### #......# ... .#
#......# .. .# #####Z## ..## ..#
#.# ..###...#
.#######.########### ###..##...#
#..................# #..........
#.......###.....F#.# ##......≈≈≈≈
#...............@#.# #.....≈≈≈≈≈≈
.................#†###...≈≈≈≈≈≈≈≈
..####.................^≈≈≈≈≈≈≈≈≈
. #................#.≈≈≈≈≈≈...
#.....######.....#.≈≈≈≈≈≈.>.
#.....# ####.....#.≈≈≈≈≈≈...
#.....# #..'.....#..≈≈≈≈≈≈≈≈
#.....# #.##........h.≈≈≈≈≈≈
#.....# #.#######.......≈≈≈≈


You could see Prince Ribbit.

Vanquished Creatures
  3 hounds
  Ijyb (D:4)
  2 iguanas (D:4)
  3 orc wizards
  3 worker ants (D:4)
  A worker ant zombie (D:4)
  5 adders
  2 oozes
  An adder skeleton (D:4)
  4 worms
  A leopard gecko (D:2)
  11 orcs
  2 giant cockroaches
  7 goblins
  5 hobgoblins
  13 jackals
  2 quokkas
  A ball python (D:3)
  9 bats
  A frilled lizard (D:1)
  4 kobolds
  A leopard gecko skeleton (D:5)
  6 rats
88 creatures vanquished.

Notes
Turn   | Place    | Note
-------+----------+-------------------------------------------
     0 | D:1      | grindst0ne the Spriggan Enchanter began the quest for the Orb.
     0 | D:1      | Reached XP level 1. HP: 9/9 MP: 5/5
   616 | D:1      | Reached XP level 2. HP: 12/13 MP: 3/6
   623 | D:1      | Reached skill level 5 in Stealth
   630 | D:1      | Learned a level 2 spell: Ensorcelled Hibernation
  1281 | D:1      | Reached XP level 3. HP: 11/16 MP: 5/8
  1432 | D:2      | Found a burning altar of Makhleb.
  1512 | D:2      | Found a white marble altar of Elyvilon.
  1568 | D:2      | Found a snail-covered altar of Cheibriados.
  1633 | D:2      | Learned a level 3 spell: Confuse
  1715 | D:2      | Reached skill level 6 in Stealth
  1717 | D:2      | Found a stormy altar of Qazlal.
  2320 | D:3      | Reached skill level 5 in Hexes
  2320 | D:3      | Reached XP level 4. HP: 21/21 MP: 2/9
  2924 | D:3      | Found an ornate altar of the Wu Jian Council.
  3382 | D:4      | Found a glowing silver altar of Zin.
  3385 | D:4      | Noticed Ijyb
  3392 | D:4      | Killed Ijyb
  3392 | D:4      | Reached skill level 7 in Stealth
  3392 | D:4      | Reached XP level 5. HP: 23/24 MP: 7/10
  3452 | D:4      | Noticed Grinder
  3465 | D:4      | Paralysed by Grinder for 7 turns
  3484 | D:4      | Paralysed by Grinder for 4 turns
  4188 | D:4      | Reached skill level 8 in Stealth
  4188 | D:4      | Reached XP level 6. HP: 20/28 MP: 6/11
  4391 | D:4      | Found a basalt altar of Yredelemnul.
  4408 | D:4      | Became a worshipper of Yredelemnul the Dark
  4742 | D:5      | Entered Level 5 of the Dungeon
  5193 | D:5      | Found a staircase to the Ecumenical Temple.
  5214 | Temple   | Entered the Ecumenical Temple
  5271 | Temple   | Fell from the grace of Yredelemnul
  5271 | Temple   | Became a worshipper of Dithmenos the Shadowed
  5310 | D:5      | Noticed Prince Ribbit
  5554 | D:5      | Reached skill level 9 in Stealth
  5729 | D:5      | Slain by Prince Ribbit

Vault maps used:
D:1:      dpeg_arrival_subterranean_lakeside_camping
D:2:      elyvilon_altar_1, lemuel_doored_altar, lemuel_crystal_altar,
          first_ration, bloody_makhleb
D:3:      old_standard_altar
D:4:      lemuel_crystal_altar, yredelemnul_altar_generic, uniq_ijyb,
          uniq_grinder
D:5:      temple_pool_b, serial_shops, kennysheep_mini_moat, uniq_prince_ribbit1
Temple:   jpeg_temple_alley_garden

Skill      XL: |  1  2  3  4  5  6 |
---------------+-------------------+-----
Hexes          | 4 5 6 7 |  7.0
Stealth        | 5 6 7 8 9 |  9.3
Short Blades   | |  1.1
Dodging        | |  3.0
Spellcasting   | |  2.6

Action                   |  1- 3 |  4- 6 || total
-------------------------+-------+-------++-------
Melee: Dagger            |   145 |   166 ||   311
 Cast: Corona            |     5 |       ||     5
       Ensorcelled Hiber |    12 |    64 ||    76
       Confuse           |       |     4 ||     4
  Use: Potion            |     2 |     1 ||     3
       Scroll            |     2 |       ||     2
 Stab: Sleeping          |    19 |    41 ||    60
       Confused          |       |     2 ||     2
  Eat: Ration            |       |     3 ||     3
Armor: Robe              |    12 |    14 ||    26
       Skin              |       |     2 ||     2
Dodge: Dodged            |   107 |   162 ||   269

Table legend:
 A = Spawn XP
 B = Non-spawn XP
 C = Spawn XP percentage of total XP
 D = Spawn monster count
 E = Non-spawn monster count
 F = Spawn count percentage of total count
 G = Total turns spent on level
                    A         B        C        D         E        F      G
               +---------+---------+-------+---------+---------+-------+---------
         Total |       0 |     690 |   0.0 |       0 |      88 |   0.0 |  5729
               +---------+---------+-------+---------+---------+-------+---------
           D:1 |       0 |      46 |   0.0 |       0 |      28 |   0.0 |  1413
           D:2 |       0 |      38 |   0.0 |       0 |       6 |   0.0 |   801
           D:3 |       0 |     100 |   0.0 |       0 |      26 |   0.0 |  1335
           D:4 |       0 |     394 |   0.0 |       0 |      22 |   0.0 |  1861
           D:5 |       0 |     112 |   0.0 |       0 |       6 |   0.0 |   236
               +---------+---------+-------+---------+---------+-------+---------
